 Dungeon Crawl Stone Soup version 0.31-a0-188-g5e087ee2ca (webtiles) character file.

Game seed: 2835641618987695697

152 qw the Skirmisher (level 5, 0/29 HPs)
             Began as a Deep Elf Hunter on June 23, 2023.
             Slain by Sigmund
             ... wielding a +0 scythe
              (8 damage)
             ... on level 3 of the Dungeon.
             The game lasted 00:00:45 (1509 turns).

qw the Skirmisher (Deep Elf Hunter)                 Turns: 1509, Time: 00:00:46

Health: 0/29       AC:  9    Str: 10    XL:     5   Next: 11%
Magic:  7/7        EV: 11    Int: 14    God:
Gold:   53         SH:  0    Dex: 18    Spells: 4/4 levels left

rFire   . . .        Y - +0 shortbow (freeze)
rCold   . . .        (shield currently unavailable)
rNeg    . . .        a - +4 ring mail
rPois   .            (no helmet)
rElec   .            (no cloak)
rCorr   .            (no gloves)
SInv    .            (no boots)
Will    .....        (no amulet) Stlth
                     (no ring)
HPRegen 0.24/turn    (no ring)
MPRegen 0.10/turn

%: no passive effects
@: confused
A: no striking features
a: no special abilities


You were on level 3 of the Dungeon.
You visited 1 branch of the dungeon, and saw 3 of its levels.

You collected 53 gold pieces.


   Skills:
 - Level 1.5 Fighting
 + Level 8.5 Ranged Weapons
 - Level 2.4 Dodging
 - Level 1.2 Stealth


You had 4 spell levels left.
You didn't know any spells.
Your spell library was empty.

Inventory:

Hand Weapons
 Y - a +0 shortbow of freezing (weapon)
Armour
 a - a +4 ring mail (worn)
 g - the +1 ring mail of Hedging {Fly rCorr Str-4 Int+3}
   (You found it on level 3 of the Dungeon)

   Str:       It affects your strength (-4).
   Int:       It affects your intelligence (+3).
   Fly:       It grants you flight.
   rCorr:     It protects you from acid and corrosion.
Scrolls
 c - a scroll of teleportation
 d - a scroll of identify
Potions
 b - a potion of might
 e - a potion of resistance {unknown}
 f - a potion of mutation {unknown}
 i - a potion of curing {unknown}

Dungeon Overview and Level Annotations

Branches:
Dungeon (3/15)

Altars:

Shops:
D:1 :

Annotations:
D:3 Sigmund


Message History

You shoot an arrow. The hobgoblin shouts!
The arrow hits Sigmund!
The arrow freezes Sigmund.
Sigmund is severely wounded.
Sigmund gestures at you while chanting.
You are confused.
Sigmund hits you from afar with a +0 scythe.
Sigmund barely misses you.
The endoplasm hits you but does no damage.
The endoplasm hits you but does no damage.
The hobgoblin hits you but does no damage.
Sigmund casts a spell.
Sigmund flickers and vanishes!
Deactivating autopickup; reactivate with Ctrl-A.
You feel less confused. The endoplasm freezes you.
You are frozen.
The hobgoblin closely misses you. Something hits you but does no damage.
You shoot an arrow. The arrow hits the endoplasm!
The arrow freezes the endoplasm.
You kill the endoplasm!
The hobgoblin hits you but does no damage.
You hear some strange, mumbled words.
A puff of flame appears from out of thin air!
The puff of flame hits you!
You shoot an arrow. The arrow barely misses the hobgoblin.
The hobgoblin barely misses you.
You hear some strange, mumbled words.
You are confused.
The hobgoblin hits you but does no damage.
Something hits you. The hobgoblin misses you. The hobgoblin closely misses you.
Something hits you. The hobgoblin misses you.
You hear some strange, mumbled words.
You are more confused.
The hobgoblin barely misses you. Something hits you. The hobgoblin hits you.
The hobgoblin barely misses you. Something hits you!
You die...

.......>...........
................... .
....%............# ..
.................# ...
#.............#
....######....##########
..............#
......g.......#
##..{.@......#
########....# #..).#
#....# #....# ######


You could see a hobgoblin.

Vanquished Creatures
  A phantom (D:3)
  An adder (D:2)
  A worm (D:2)
  A dart slug (D:3)
  11 ball pythons
  10 endoplasms
  6 giant cockroaches
  3 goblins
  5 hobgoblins
  3 quokkas
  4 bats
  A frilled lizard (D:2)
  2 kobolds
  10 rats
59 creatures vanquished.

Notes
Turn   | Place    | Note
-------+----------+-------------------------------------------
     0 | D:1      | qw the Deep Elf Hunter began the quest for the Orb.
     0 | D:1      | Reached XP level 1. HP: 12/12 MP: 3/3
     0 | D:1      | 0 ||| qw: Version: 0.3-a-9-g12657ce
     0 | D:1      | 0 ||| qw: Game counter: 3940
     0 | D:1      | 0 ||| qw: Always use a shield: true
     0 | D:1      | 0 ||| qw: God list: Okawaru
     0 | D:1      | 0 ||| qw: Allow faded altars: false
     0 | D:1      | 0 ||| qw: Do Orc after D:15 true
     0 | D:1      | 0 ||| qw: Do second Lair branch before Depths: true
     0 | D:1      | 0 ||| qw: Lair rune preference: random
     0 | D:1      | 0 ||| qw: Plans: Normal
     0 | D:1      | 0 ||| PLANNING D:1-11
    92 | D:1      | Found Okoischi's Book Shop.
   129 | D:1      | Reached XP level 2. HP: 13/16 MP: 4/4
   162 | D:1      | Reached skill level 6 in Ranged Weapons
   558 | D:1      | Reached XP level 3. HP: 20/20 MP: 5/5
   794 | D:1      | 794 ||| READING scroll labelled YGHE JAFOTREJA.
   795 | D:1      | 795 ||| READING scroll labelled JOFODD RYEMN.
   796 | D:1      | 796 ||| READING scroll labelled PEZOOCS LETIELL.
   800 | D:1      | 800 ||| DROPPING scroll of butterflies.
   898 | D:2      | HP: 5/20 [poisoned by an adder]
   899 | D:2      | Reached skill level 7 in Ranged Weapons
  1292 | D:2      | 1292 ||| UPGRADING to +4 ring mail.
  1302 | D:2      | 1302 ||| DROPPING +0 leather armour.
  1303 | D:2      | 1303 ||| DROPPING scarf of shadows.
  1304 | D:2      | 1304 ||| READING scroll labelled CIOWNO XIHI.
  1305 | D:2      | 1305 ||| READING scroll labelled MORPHY DEOF.
  1306 | D:2      | 1306 ||| DRINKING 2 white potions.
  1343 | D:3      | Reached XP level 4. HP: 16/17 MP: 6/6
  1358 | D:3      | Noticed a phantom
  1380 | D:3      | Killed a phantom
  1381 | D:3      | Reached skill level 8 in Ranged Weapons
  1381 | D:3      | Reached XP level 5. HP: 20/28 MP: 7/7
  1476 | D:3      | Identified the +1 ring mail of Hedging {Fly rCorr Str-4
                  | Int+3}
  1490 | D:3      | Noticed Sigmund
  1509 | D:3      | Slain by Sigmund

Levels and vault maps discovered:
D:1:      sevenhm_arrival_forest_fort_large_4, layout_basic, serial_shops, shop
D:2:      layout_rooms, minivault_25
D:3:      layout_basic, uniq_sigmund

Skill      XL: |  1  2  3  4 |
---------------+-------------+-----
Ranged Weapons | 6 7 8 |  8.5
Fighting       | |  1.5
Dodging        | |  2.4
Stealth        | |  1.2

Action                     |  1- 3 |  4- 6 || total
---------------------------+-------+-------++-------
   Fire: Shortbow          |   134 |    49 ||   183
    Use: Scroll            |     5 |       ||     5
         Potion            |     1 |       ||     1
 Armour: Leather armour    |     6 |       ||     6
         Ring mail         |    10 |    25 ||    35
  Dodge: Dodged            |    22 |    33 ||    55

Table legend:
 A = Non-vault XP
 B = Vault XP
 C = Vault XP percentage of total XP
 D = Non-vault monster count
 E = Vault monster count
 F = Vault count percentage of total count
                 A         B        C        D         E       F
            +---------+---------+-------+---------+---------+-------
      Total |     218 |       0 |   0.0 |      59 |       0 |   0.0
            +---------+---------+-------+---------+---------+-------
        D:1 |      46 |       0 |   0.0 |      27 |       0 |   0.0
        D:2 |      44 |       0 |   0.0 |      19 |       0 |   0.0
        D:3 |     128 |       0 |   0.0 |      13 |       0 |   0.0
            +---------+---------+-------+---------+---------+-------
